Map: Lockdown LE

Players

Esamurai - Winner!

  • Race: Terran Terran

A.I. 1 (Very Easy)

  • Race: Protoss Protoss

VOD

https://www.youtube.com/watch?v=-PKdWQaqKaM

Description

Time

  • Played on: Sept. 21, 2026, 10:04 p.m.
  • Length: 8:40
Show
View Real Time Build Order
Export as new Build Order

Esamurai Terran - Winner!

Build Orders:  

Get SALT Encoding   

  8  0:00  SCV  
  9  0:13  SCV  
  10  0:25  SCV  
  11  0:31  Supply Depot  
  11  0:37  SCV  
  12  0:49  SCV  
  13  0:55  Barracks  
  13  1:01  SCV  
  14  1:13  SCV  
  16  1:25  SCV  
  16  1:37  Command Center  
  16  1:40  SCV  
  16  1:45  Marine  
  18  1:55  Orbital Command  
  18  2:03  Refinery  
  18  2:06  Marine  
  19  2:12  Supply Depot  
  19  2:21  SCV  
  20  2:23  Marine  
  20  2:27  Refinery  
  21  2:34  SCV  
  22  2:44  Barracks  
  22  2:53  SCV  
  22  2:55  Barracks Reactor  
  22  2:58  Orbital Command  
  23  3:05  SCV  
  24  3:14  Factory  
  24  3:17  SCV  
  25  3:24  SCV  
  26  3:32  Marine  
  26  3:33  Marine, Barracks Tech Lab  
  28  3:37  SCV x2  
  30  3:45  Supply Depot  
  30  3:49  SCV x2  
  30  3:51  Marine x2  
  34  4:01  SCV x2, Barracks Tech Lab  
  36  4:05  Siege Tank  
  39  4:13  SCV x2  
  41  4:19  Refinery  
  41  4:22  Barracks  
  41  4:25  SCV x2  
  41  4:27  Supply Depot  
  41  4:31  Stimpack, Marine  
  43  4:32  Marine  
  43  4:34  Marine  
  43  4:38  Siege Tank  
  49  4:40  SCV  
  50  4:47  Supply Depot  
  50  4:49  SCV  
  50  4:52  Marine x2, SCV  
  54  4:56  Supply Depot  
  54  5:00  Marine  
  54  5:01  SCV  
  56  5:13  SCV  
  60  5:14  Siege Tank  
  60  5:19  Engineering Bay  
  60  5:22  Starport  
  60  5:23  SCV, Supply Depot  
  60  5:26  Marine x3  
  64  5:32  SCV  
  65  5:44  Barracks  
  65  5:45  Barracks Reactor  
  65  5:46  Barracks, Siege Tank, SCV x2  
  70  5:56  Terran Infantry Weapons Level 1  
  70  5:58  SCV x2  
  72  6:05  Medivac  
  72  6:10  SCV x2, Combat Shield  
  76  6:12  Supply Depot  
  76  6:16  Supply Depot  
  76  6:18  Marine x2  
  76  6:19  Marine  
  76  6:21  Siege Tank  
  82  6:31  Supply Depot  
  82  6:34  Marine x4, SCV x2  
  82  6:36  Marine  
  82  6:38  Medivac  
  82  6:39  Supply Depot  
  91  6:44  Supply Depot  
  91  6:46  SCV x2  
  93  6:49  Marine x2  
  93  6:53  Siege Tank  
  98  6:58  Marine x5  
  103  7:03  SCV  
  103  7:07  Marine x2  
  106  7:15  Medivac, Marine  
  108  7:21  SCV x2  
  111  7:26  Siege Tank  
  114  7:33  SCV  
  114  7:36  Command Center  
  115  7:42  SCV, Marine  
  115  7:43  Marine x5  
  130  8:37  Supply Depot  
  130  8:39  Supply Depot  
  130  8:40  Supply Depot  
Show
View Real Time Build Order
Export as new Build Order

A.I. 1 (Very Easy) Protoss 

Build Orders:  

Get SALT Encoding   

  8  0:00  Probe  
  9  0:13  Probe  
  10  0:25  Probe  
  11  0:37  Probe  
  12  0:45  Pylon  
  12  0:49  Probe  
  13  1:00  Probe  
  14  1:07  Assimilator  
  14  1:10  Gateway  
  14  1:15  Pylon  
  14  1:43  Assimilator  
  14  1:48  Probe  
  15  1:56  Probe  
  15  2:00  Cybernetics Core  
  16  2:04  Probe  
  17  2:12  Probe  
  18  2:23  Probe  
  18  2:27  Warp Gate  
  19  2:35  Probe  
  20  2:38  Stalker  
  22  5:18  Zealot  
  22  5:20  Probe, Pylon  
  25  5:22  Robotics Facility  
  25  5:38  Probe  
  25  5:41  Pylon  
  26  5:50  Probe  
  25  6:02  Probe  
  26  6:07  Observer  
  27  6:14  Probe  
  27  6:15  Zealot  
  30  6:19  Observer  
  30  6:26  Probe  
  32  6:38  Probe  
  33  7:11  Stalker  
  33  7:12  Nexus  
  35  7:58  Stalker  
  37  8:00  Pylon  
  30  8:17  Probe  
Tags
 
Add a new tag
Caveats
  • Supply blocks, unpowered buildings, or Contaminate may cause inaccurate times.
  • Supply counts are checked every 10 seconds.